 Dungeon Crawl Stone Soup version 0.31-a0-16-g6d2539766c (webtiles) character file.

Game seed: 13961167177862840864

5 BlasphemerAmon the Covered (level 1, 0/19 HPs)
             Began as a Hill Orc Fighter on May 8, 2023.
             Slain by a kobold
             ... wielding a +0 whip
              (3 damage)
             ... on level 1 of the Dungeon.
             The game lasted 00:00:12 (30 turns).

BlasphemerAmon the Covered (Hill Orc Fighter)         Turns: 30, Time: 00:00:14

Health: 0/19       AC:  7    Str: 18    XL:     1   Next: 80%
Magic:  1/1        EV:  9    Int:  8    God:
Gold:   10         SH:  4    Dex: 10    Spells: 0/0 levels left

rFire   . . .        a - +0 war axe
rCold   . . .        c - +0 buckler
rNeg    . . .        b - +0 scale mail
rPois   .            (no helmet)
rElec   .            (no cloak)
rCorr   .            (no gloves)
SInv    .            (no boots)
Will    .....        (no amulet) Stlth
                     (no ring)
HPRegen 0.23/turn    (no ring)
MPRegen 0.07/turn

%: no passive effects
@: mighty
A: no striking features
a: no special abilities


You were on level 1 of the Dungeon.
You visited 1 branch of the dungeon, and saw 1 of its levels.

You collected 10 gold pieces.

Inventory:

Hand Weapons
 a - a +0 war axe (weapon)
Armour
 b - a +0 scale mail (worn)
 c - a +0 buckler (worn)


   Skills:
 - Level 3.6 Fighting
 - Level 2.6 Axes
 + Level 3.7 Armour
 - Level 3.2 Shields


You couldn't memorise any spells.
You didn't know any spells.
Your spell library was empty.

Dungeon Overview and Level Annotations

Branches:
Dungeon (1/15)

Altars:


Message History

The quokka bites you but does no damage.
You hit the kobold but do no damage. You closely miss the quokka.
The kobold hits you but does no damage. The quokka bites you.
The kobold attacks as you move away! You block the kobold's attack.
You see here 10 gold pieces.
You now have 10 gold pieces.
You block the quokka's attack. The kobold hits you but does no damage.
The quokka bites you but does no damage.
You feel very mighty all of a sudden. The hobgoblin barely misses you.
You block the quokka's attack.
You closely miss the quokka. You hit the hobgoblin.
You completely miss the kobold. The hobgoblin barely misses you.
You block the kobold's attack.
The quokka bites you but does no damage.
The hobgoblin closely misses you. You block the goblin's attack.
The kobold barely misses you.
You barely miss the quokka. You closely miss the kobold. You slash the goblin!
You kill the goblin!
You barely miss the hobgoblin.
The quokka bites you but does no damage.
The hobgoblin barely misses you. The kobold hits you with a +0 whip.
The quokka barely misses you.
You barely miss the quokka. You slash the hobgoblin!
You kill the hobgoblin!
You hit the kobold. You barely miss the kobold.
The quokka bites you but does no damage.
You block the kobold's attack. The kobold hits you with a +0 whip.
* * * LOW HITPOINT WARNING * * *
The quokka bites you but does no damage.
The kobold hits you but does no damage. The kobold hits you with a +0 whip.
* * * LOW HITPOINT WARNING * * *
The frilled lizard closely misses you.
You closely miss the kobold.
The kobold is heavily wounded.
You slash the kobold!
You kill the kobold!
You closely miss the quokka. You slash the frilled lizard!
You kill the frilled lizard!
You block the quokka's attack. The kobold hits you with a +0 whip.
You die...

... #.. .. .###
##.# ....## #.. ###
#...##.# ####...
...##.†)K###..?.###
.......r@..#......
##..###†........#
#..#...........##
#...............##
##..[.†.....∩....#
....###..........##
.#.. ##....<.....#
... #....>.......
.. #..⌠...⌠...#.


You could see a quokka and a kobold.

Vanquished Creatures
  A giant cockroach (D:1)
  A goblin (D:1)
  A hobgoblin (D:1)
  A quokka (D:1)
  A frilled lizard (D:1)
  A kobold (D:1)
6 creatures vanquished.

Notes
Turn   | Place    | Note
-------+----------+-------------------------------------------
     0 | D:1      | BlasphemerAmon the Hill Orc Fighter began the quest for the
                  | Orb.
     0 | D:1      | Reached XP level 1. HP: 19/19 MP: 1/1
    30 | D:1      | Slain by a kobold

Illustrated notes

Levels and vault maps discovered:
D:1:      wander_arrival_desolate, layout_rooms, nrook_loot_triangle,
          chequers_serial_rivers_large_b, minmay_tetromino_o2

Action                     || total
---------------------------++-------
  Melee: War axe           ||    18
    Use: Potion            ||     1
 Armour: Scale mail        ||    13
  Dodge: Dodged            ||    20
  Block: Buckler           ||    11

Table legend: (Time is in decaauts)
 A = Elapsed time spent in this place.
 B = Non-inter-level travel time spent in this place.
 C = Inter-level travel time spent in this place.
 D = Time resting spent in this place.
 E = Time spent auto-exploring this place.
 F = Levels seen in this place.
 G = Mean time per level.
                   A        B        C        D        E       F      G
               +--------+--------+--------+--------+--------+-----+--------+
         Total |     37 |     37 |      0 |      0 |      3 |   1 |   37.0 |
       Dungeon |     37 |     37 |      0 |      0 |      3 |   1 |   37.0 |
               +--------+--------+--------+--------+--------+-----+--------+

Top non-repeatable levels by time:
     D:1: 37 daAuts
